 Dungeon Crawl Stone Soup version 0.28.0-53-g5a82cb258f (webtiles) character file.

Game seed: 12810843011180497890

4962 oldmanjim the Grappler (level 10, 0/96 HPs)
             Began as a Troll Hunter on Aug 4, 2022.
             Was an Elder of Okawaru.
             Succumbed to a hornet's poison
             ... on level 8 of the Dungeon.
             The game lasted 00:35:47 (6248 turns).

oldmanjim the Grappler (Troll Hunter)               Turns: 6248, Time: 00:35:47

Health: 0/96       AC:  4    Str: 26    XL:     10   Next: 28%
Magic:  11/12      EV: 10    Int:  7    God:    Okawaru [****..]
Gold:   414        SH: 10    Dex: 10    Spells: 9/9 levels left

rFire   . . .      SeeInvis .     - Unarmed
rCold   . . .      Faith    +   G - +0 kite shield
rNeg    + . .      Spirit   .   b - +0 robe
rPois   .          Reflect  .   (helmet restricted)
rElec   .          Harm     .   (no cloak)
rCorr   .          Rampage  .   (gloves unavailable)
Will    .....                   (boots unavailable)
Stlth   +++.......              h - amulet of faith
HPRegen 1.06/turn               l - ring of positive energy
MPRegen 0.13/turn               (no ring)

@: lethally poisoned (0 -> -5), heroic, slowed, very slow
A: large, unfitting armour, claws 3, regeneration 1, shaggy fur 1, tough skin 1
a: Renounce Religion, Heroism, Finesse


You were on level 8 of the Dungeon.
You worshipped Okawaru.
Okawaru was greatly pleased with you.
You visited 2 branches of the dungeon, and saw 9 of its levels.
You also visited: Ossuary.

You collected 414 gold pieces.

Inventory:

Missiles
 c - 5 large rocks
 d - 7 throwing nets
 f - 272 stones
 o - 8 boomerangs
 q - 13 poisoned darts (quivered)
 K - 3 boomerangs of dispersal
Armour
 b - a +0 robe (worn)
 G - a +0 kite shield (worn)
Jewellery
 h - an amulet of faith (around neck)
 l - a ring of positive energy (left claw)
 s - an amulet of the acrobat
 I - an amulet of magic regeneration
Wands
 j - a wand of paralysis (6)
 L - a wand of flame (22)
 M - a wand of iceblast (5)
 N - a wand of mindburst (11)
Scrolls
 e - 3 scrolls of teleportation
 g - a scroll of acquirement {unknown}
 i - 2 scrolls of amnesia
 m - 2 scrolls of fear {unknown}
 p - a scroll of holy word
 r - 2 scrolls of fog
 x - a scroll of vulnerability {unknown}
 y - 2 scrolls of enchant armour {unknown}
 C - 2 scrolls of magic mapping {unknown}
 D - a scroll of noise {unknown}
 E - a scroll of summoning {unknown}
 H - a scroll of enchant weapon {unknown}
 J - a scroll of immolation {unknown}
Potions
 a - 2 potions of invisibility {unknown}
 k - 3 potions of curing
 n - 2 potions of heal wounds {unknown}
 t - a potion of berserk rage {unknown}
 u - 2 potions of ambrosia {unknown}
 v - 3 potions of resistance
 w - 5 potions of attraction
 z - 2 potions of might {unknown}
 A - a potion of cancellation {unknown}
 B - 5 potions of mutation
 F - 2 potions of degeneration {unknown}
 O - a potion of brilliance {unknown}


   Skills:
 - Level 5.0(10.0) Fighting
 - Level 6.0(11.0) Throwing
 - Level 1.5(6.5) Dodging
 - Level 0.3(5.3) Stealth
 + Level 5.1(10.1) Shields
 + Level 10.0(15.0) Unarmed Combat
 - Level 5.0 Invocations


You had 9 spell levels left.
You didn't know any spells.
Your spell library contained the following spells:

 Spells                   Type           Power      Damage    Failure   Level
 Magic Dart               Conj           0%         1d3       65%         1
 Shock                    Conj/Air       0%         1d3       65%         1
 Blink                    Tloc           0%         N/A       78%         2
 Corpse Rot               Necr/Air       0%         N/A       78%         2
 Ensorcelled Hibernation  Hex/Ice        0%         N/A       78%         2
 Passwall                 Tmut/Erth      0%         N/A       78%         2
 Poisonous Vapours        Pois/Air       0%         N/A       78%         2
 Static Discharge         Conj/Air       0%         N/A       78%         2
 Conjure Flame            Conj/Fire      0%         6-21      95%         3
 Ignite Poison            Fire/Tmut/Pois 0%         N/A       95%         3
 Lesser Beckoning         Tloc           0%         N/A       95%         3
 Mephitic Cloud           Conj/Pois/Air  0%         N/A       95%         3
 Swiftness                Air            0%         N/A       95%         3
 Airstrike                Air            0%         N/A       100%        4
 Dispel Undead            Necr           0%         3d6       100%        4
 Sticky Flame             Conj/Fire      0%         2d3       100%        4
 Manifold Assault         Tloc           0%         N/A       100%        5
 Call Imp                 Summ           Unusable   N/A       N/A         2

Dungeon Overview and Level Annotations

Branches:
Dungeon (8/15)             Temple (1/1) D:5         Ossuary (visited)
   Lair: D:8-11

Altars:
Ashenzari
Cheibriados
Dithmenos
Elyvilon
Fedhas
Gozag
Hepliaklqana
Kikubaaqudgha
Makhleb
Nemelex Xobeh
Okawaru
Qazlal
Ru
Sif Muna
Trog
Uskayaw
Vehumet
Wu Jian
Xom
Yredelemnul
Zin
The Shining One

Annotations:
D:7 1 runed translucent door


Innate Abilities, Weirdness & Mutations

You are too large for most types of armour.
You have claws for hands.
Your natural rate of healing is unusually fast.
You are covered in fur. (AC +1)
You have tough skin. (AC +1)


Message History

The centaur zombie hits you.
The centaur zombie kicks you but does no damage.
You closely miss the hornet.
The hornet is almost dead.
The hornet stings you but does no damage.
The centaur zombie misses you. The centaur zombie closely misses you.
You block the hornet's attack. You block the centaur zombie's attack.
The centaur zombie kicks you but does no damage.
You closely miss the hornet.
The hornet is almost dead.
The hornet stings you!
* * * LOW HITPOINT WARNING * * *
You suddenly lose the ability to move!
The centaur zombie hits you.
* * * LOW HITPOINT WARNING * * *
The centaur zombie kicks you but does no damage.
The hornet stings you!
* * * LOW HITPOINT WARNING * * *
You feel as though you will be slow longer.
You can move again.
You miss the hornet.
The hornet is almost dead.
The centaur zombie closely misses you. The centaur zombie kicks you.
* * * LOW HITPOINT WARNING * * *
You block the hornet's attack. You block the centaur zombie's attack.
The centaur zombie kicks you but does no damage.
The hornet closely misses you.
You completely miss the hornet.
The hornet is almost dead.
The hornet stings you!
* * * LOW HITPOINT WARNING * * *
You feel as though you will be slow longer.
You block the centaur zombie's attack. The centaur zombie barely misses you.
The hornet stings you!
* * * LOW HITPOINT WARNING * * *
You are lethally poisoned!
You feel as though you will be slow longer.
The centaur zombie hits you but does no damage.
You block the centaur zombie's attack.
You fail to use your ability.
You die...

#.......#...#
#...........#≈.
............#≈. ≈#
......#....(+.. .+
.#.###......+..# ..+
#####....#..#≈..###.≈#
# ##...##.#≈......≈#
#....##.#≈≈yZ.≈≈≈#
##......####@'#
#............#
####........##
#..)......#
###.#.....# ###.#...#
#######


You could see a hornet and a centaur zombie.

Vanquished Creatures
  A two-headed ogre (D:5)
  Joseph (D:8)
  A troll (D:8)
  Grinder (D:6)
  Edmund (D:4)
  2 water moccasins (D:4)
  A sky beast (D:8)
  A black bear (D:6)
  2 necrophages
  3 centaurs
  2 wolves (D:7)
  A phantom (D:5)
  A bullfrog (D:8)
  4 gnoll sergeants
  3 scorpions
  A wyvern zombie (D:7)
  3 water moccasin zombies
  2 wyvern skeletons (D:5)
  A howler monkey (D:7)
  2 electric eels (D:6)
  A centaur zombie (D:4)
  10 hounds
  A gnoll shaman (D:7)
  3 jellies
  5 orc priests
  3 bullfrog skeletons
  A centaur skeleton (D:6)
  7 orc wizards
  4 iguanas
  A hound skeleton (D:5)
  2 mummies (Ossuary)
  A howler monkey zombie (D:6)
  8 adders
  22 gnolls
  2 howler monkey skeletons
  2 white imps (D:7)
  6 adder zombies (Ossuary)
  An adder skeleton (D:4)
  A worm (D:3)
  7 dart slugs
  26 orcs
  7 endoplasms
  6 goblins
  5 hobgoblins
  9 jackals
  7 kobolds
  3 quokkas
  5 ball pythons
  8 bats
  A frilled lizard (D:1)
  6 gnoll zombies (Ossuary)
  8 hobgoblin zombies (Ossuary)
  8 kobold zombies (Ossuary)
  4 orc zombies (Ossuary)
  4 rats
229 creatures vanquished.

Vanquished Creatures (others)
  3 orcs (D:6)
  2 plants (D:6)
5 creatures vanquished.

Grand Total: 234 creatures vanquished

Notes
Turn   | Place    | Note
-------+----------+-------------------------------------------
     0 | D:1      | oldmanjim the Troll Hunter began the quest for the Orb.
     0 | D:1      | Reached XP level 1. HP: 19/19 MP: 0/0
    66 | D:1      | Reached skill level 1 in Unarmed Combat
   101 | D:1      | Reached XP level 2. HP: 28/28 MP: 1/1
   466 | D:1      | Reached XP level 3. HP: 35/36 MP: 2/2
   604 | D:2      | Reached skill level 2 in Unarmed Combat
   651 | D:2      | Found a faded altar of an unknown god.
  1121 | D:3      | Reached XP level 4. HP: 42/42 MP: 3/3
  1310 | D:3      | Reached skill level 3 in Unarmed Combat
  1591 | D:4      | Reached XP level 5. HP: 53/53 MP: 4/4
  1595 | D:4      | Noticed a necrophage
  1606 | D:4      | Killed a necrophage
  1607 | D:4      | Reached skill level 4 in Unarmed Combat
  1722 | D:4      | Found a sand-covered staircase.
  1730 | D:4      | Reached skill level 5 in Unarmed Combat
  1730 | D:4      | Reached XP level 6. HP: 59/61 MP: 5/5
  1749 | Ossuary  | Entered an ossuary
  2011 | D:4      | Noticed a water moccasin
  2017 | D:4      | Killed a water moccasin
  2018 | D:4      | Reached XP level 7. HP: 68/68 MP: 6/6
  2306 | D:4      | Found a sparkling altar of Nemelex Xobeh.
  2318 | D:4      | Noticed Edmund
  2332 | D:4      | Killed Edmund
  2333 | D:4      | Reached skill level 6 in Unarmed Combat
  2466 | D:5      | Entered Level 5 of the Dungeon
  2518 | D:5      | Reached skill level 5 in Throwing
  2559 | D:5      | Reached skill level 7 in Unarmed Combat
  2566 | D:5      | Reached XP level 8. HP: 75/78 MP: 7/7
  2783 | D:5      | Noticed a two-headed ogre
  2916 | D:5      | Found a staircase to the Ecumenical Temple.
  2922 | Temple   | Entered the Ecumenical Temple
  3167 | Temple   | Became a worshipper of Warmaster Okawaru
  3261 | D:5      | Killed a two-headed ogre
  3261 | D:5      | Reached * piety under Okawaru
  3262 | D:5      | Reached skill level 5 in Fighting
  3262 | D:5      | Reached skill level 8 in Unarmed Combat
  3486 | D:5      | Reached XP level 9. HP: 88/88 MP: 8/8
  3666 | D:6      | Reached ** piety under Okawaru
  3720 | D:6      | Reached skill level 1 in Shields
  3720 | D:6      | Reached skill level 9 in Unarmed Combat
  3720 | D:6      | Reached skill level 1 in Invocations
  3777 | D:6      | Noticed Grinder
  3779 | D:6      | Paralysed by Grinder for 3 turns
  3811 | D:6      | Killed Grinder
  4831 | D:7      | Found a runed translucent door.
  4854 | D:7      | Reached *** piety under Okawaru
  5172 | D:7      | Reached skill level 10 in Unarmed Combat
  5461 | D:7      | Reached XP level 10. HP: 96/96 MP: 12/12
  5764 | D:8      | Reached **** piety under Okawaru
  5848 | D:8      | Noticed Joseph
  5862 | D:8      | Killed Joseph
  5863 | D:8      | Reached skill level 5 in Invocations
  5898 | D:8      | Reached skill level 5 in Shields
  6240 | D:8      | Paralysed by a hornet for 2 turns
  6245 | D:8      | Paralysed by a hornet for 1 turns
  6247 | D:8      | HP: 4/96 [hornet (8)]
  6248 | D:8      | Succumbed to a hornet's poison

Illustrated notes

Levels and vault maps discovered:
D:1:      dpeg_arrival_shelter, layout_basic, serial_corexii_hall,
          corexii_hall_statues_x, corexii_hall_statues_x,
          chequers_hall_statues_wall_a, st_stairs_14
D:2:      layout_basic, ebering_ecumenical_altar_ruins, minmay_misc_feat_columns
D:3:      layout_rooms
D:4:      layout_rooms, nemelex_spade_bored_becter, enter_ossuary_1, uniq_edmund
D:5:      layout_loops_cross, minmay_temple_entry_hall
D:6:      layout_cave_pools, chequers_decorated_corner, grunt_decor_fettered,
          hangedman_abyss_or_decor_passed, serial_bayou_ford_a, uniq_grinder
D:7:      layout_cave_pools, serial_gnoll_camp, gnoll_camp_mini_basic,
          gnoll_camp_mini_loothouse, gnoll_camp_mini_sergeant,
          gnoll_camp_mini_doghouse, gnoll_camp_medium_02,
          lightli_church_of_beogh
D:8:      layout_cave_pools, kennysheep_generic_room_7, uniq_joseph
Temple:   mainiacjoe_temple_archimedes_tessellation

Skill      XL: |  1  2  3  4  5  6  7  8  9 10 |
---------------+-------------------------------+-----
Unarmed Combat | 1 2 3 5 7 8 10 | 10.0
Fighting       | 2 3 4 5 |  5.0
Throwing       | 4 5 6 |  6.0
Shields        | 3 5 |  5.1
Invocations    | 4 5 |  5.0
Dodging        | |  1.5
Stealth        | |  0.3

Action                   |  1- 3 |  4- 6 |  7- 9 | 10-12 || total
-------------------------+-------+-------+-------+-------++-------
Melee: Unarmed           |   110 |   184 |   287 |    67 ||   648
       Punch             |       |    10 |     9 |     1 ||    20
Throw: Stone             |       |    12 |    41 |       ||    53
       Large rock        |       |     1 |     9 |       ||    10
       Dart              |       |       |     7 |       ||     7
Invok: Heroism           |       |       |     3 |     3 ||     6
  Use: Scroll            |       |       |     8 |       ||     8
 Stab: Sleeping          |       |     1 |     1 |       ||     2
Armor: Robe              |    58 |    48 |    67 |    28 ||   201
Dodge: Dodged            |    50 |    76 |   158 |    38 ||   322
Block: Kite shield       |       |       |       |    18 ||    18
